 Dungeon Crawl Stone Soup version 0.21.1-1-g345015f (webtiles) character file.

343 wojtek the Chopper (level 6, -4/52 HPs)
             Began as a Minotaur Fighter on May 31, 2018.
             Slain by an ogre
             ... wielding a +0 giant club
              (18 damage)
             ... on level 3 of the Dungeon.
             The game lasted 00:03:10 (2994 turns).

wojtek the Chopper (Minotaur Fighter)               Turns: 2994, Time: 00:03:11

Health: -4/52      AC:  9    Str: 22    XL:     6   Next: 31%
Magic:  5/5        EV:  8    Int:  5    God:
Gold:   169        SH:  9    Dex: 10    Spells: 5/5 levels left

rFire    . . .     SeeInvis .   a - +0 war axe
rCold    . . .     Gourm    .   c - +0 shield
rNeg     . . .     Faith    .   b - +0 scale mail
rPois    .         Spirit   .   (helmet restricted)
rElec    .         Reflect  .   (no cloak)
rCorr    +         Harm     .   v - +0 pair of gloves
MR       .....                  u - +0 pair of boots
Stlth    ..........             (no amulet)
HPRegen  0.17/turn              e - ring of resist corrosion
MPRegen  0.09/turn              (no ring)

@: no status effects
A: retaliatory headbutt, horns 2
a: no special abilities


You were on level 3 of the Dungeon.
You were not hungry.

You visited 1 branch of the dungeon, and saw 3 of its levels.

You collected 169 gold pieces.

Inventory:

Hand Weapons
 a - a +0 war axe (weapon)
Armour
 b - a +0 scale mail (worn)
 c - a +0 shield (worn)
 q - a +0 plate armour
 u - a +0 pair of boots (worn)
 v - a +0 pair of gloves (worn)
Jewellery
 e - a ring of resist corrosion (left hand)
Wands
 w - a wand of random effects (22)
Scrolls
 g - 4 scrolls of identify {unknown}
 j - a scroll of fog {unknown}
 k - 2 scrolls of enchant weapon {unknown}
 l - a scroll of fear {unknown}
 m - a scroll of amnesia {unknown}
 n - a scroll of teleportation {unknown}
 o - a scroll of blinking {unknown}
 r - a scroll of magic mapping {unknown}
Potions
 d - a potion of might
 h - 4 potions of curing {unknown}
 i - a potion of lignification {unknown}
 p - a potion of flight {unknown}
 s - a potion of degeneration {unknown}
Comestibles
 f - a ration
 t - 7 chunks of flesh


   Skills:
 + Level 4.0 Fighting
 + Level 7.5 Axes
 + Level 4.0 Armour
 + Level 1.3 Dodging
 - Level 3.6 Shields


You had 5 spell levels left.
You didn't know any spells.

Dungeon Overview and Level Annotations

Branches:
Dungeon (3/15)

Altars:


Innate Abilities, Weirdness & Mutations

You reflexively headbutt those who attack you in melee.
You have a pair of horns on your head.


Message History

You hit the jackal. You block the jackal's attack.
The jackal bites you but does no damage.
You block the ogre's attack.
A gnoll shaman comes into view. It is wielding a whip.
You barely miss the ogre.
The gnoll shaman shouts!
Your headbutt misses the ogre.
The ogre is severely wounded.
You slash the jackal!
You kill the jackal!
The ogre closely misses you.
You hit the ogre but do no damage.
You headbutt the ogre, but do no damage.
The ogre is severely wounded.
You block the ogre's attack.
The gnoll shouts!
You hit the ogre.
The ogre is severely wounded.
The ogre hits you with a giant club!!
You die...

#.# ## #.# # #.# #.
#######.###### #.# ##%#
..............
#####.#######.#####..............
..†..............................
≈≈≈≈≈≈≈≈≈≈≈≈....≈≈≈≈≈≈≈≈≈≈≈≈≈≈≈≈≈
≈≈≈≈≈≈≈≈≈≈≈≈....≈≈≈≈≈≈≈≈≈≈≈≈≈≈≈≈≈
≈≈≈≈≈≈≈≈)≈≈≈....≈≈≈≈≈≈≈≈≈≈≈≈#####
...%....[......)@...........#gg #
############(''O########## #.. #
#[)..# #+### #..).# #.≈ #.†.g#
#.≈ #....# #.≈ #...g# #.≈ '....'
#.≈ .'....'. #.≈


You could see an ogre, a gnoll shaman and a gnoll.

Vanquished Creatures
  Purgy (D:3)
  10 gnolls (D:3)
  5 adders
  An ooze (D:2)
  3 worms
  3 leopard geckos
  An orc (D:3)
  3 giant cockroaches
  8 goblins
  11 hobgoblins
  18 jackals
  A quokka (D:3)
  5 bats
  5 frilled lizards
  9 kobolds
  9 rats
93 creatures vanquished.

Notes
Turn   | Place    | Note
-------+----------+-------------------------------------------
     0 | D:1      | wojtek the Minotaur Fighter began the quest for the Orb.
     0 | D:1      | Reached XP level 1. HP: 19/19 MP: 0/0
   113 | D:1      | Reached skill level 3 in Axes
   115 | D:1      | Reached XP level 2. HP: 11/26 MP: 1/1
   494 | D:1      | Reached skill level 4 in Axes
   780 | D:1      | Reached XP level 3. HP: 31/31 MP: 2/2
  1478 | D:2      | Reached skill level 5 in Axes
  1702 | D:2      | Reached XP level 4. HP: 15/39 MP: 3/3
  2283 | D:3      | Reached skill level 6 in Axes
  2676 | D:3      | Noticed Purgy
  2690 | D:3      | Killed Purgy
  2690 | D:3      | Reached skill level 7 in Axes
  2690 | D:3      | Reached XP level 5. HP: 35/45 MP: 4/4
  2925 | D:3      | Reached XP level 6. HP: 36/52 MP: 5/5
  2955 | D:3      | Reached skill level 1 in Dodging
  2994 | D:3      | Slain by an ogre

Skill      XL: |  1  2  3  4  5  6 |
---------------+-------------------+-----
Axes           | 3 4 5 7 |  7.5
Dodging        | 1 |  1.3
Fighting       | 4 |  4.0
Armour         | 4 |  4.0
Shields        | |  3.6

Action                   |  1- 3 |  4- 6 || total
-------------------------+-------+-------++-------
Melee: War axe           |   120 |   123 ||   243
       Headbutt          |    19 |    22 ||    41
  Eat: Chunk             |     3 |     4 ||     7
Armor: Scale mail        |    42 |    69 ||   111
Dodge: Dodged            |    42 |    42 ||    84
Block: Shield            |    66 |    72 ||   138
